 Dungeon Crawl Stone Soup version 0.22-a0-417-g1387785 (webtiles) character file.

81 Mgcat the Chopper (level 4, -1/35 HPs)
             Began as a Demonspawn Fighter on May 14, 2018.
             Was an Initiate of Okawaru.
             Slain by a black bear (3 damage)
             ... on level 2 of the Dungeon.
             The game lasted 00:02:22 (1156 turns).

Mgcat the Chopper (Demonspawn Fighter)              Turns: 1156, Time: 00:02:23

Health: -1/35      AC:  6    Str: 22    XL:     4   Next: 19%
Magic:  4/4        EV:  9    Int: 10    God:    Okawaru [......]
Gold:   87         SH:  0    Dex: 12    Spells: 3/3 levels left

rFire    . . .     SeeInvis .   a - +0 war axe
rCold    . . .     Gourm    .   (no shield)
rNeg     . . .     Faith    .   b - +0 scale mail
rPois    .         Spirit   .   (no helmet)
rElec    .         Reflect  .   (no cloak)
rCorr    .         Harm     .   (no gloves)
MR       .....                  (no boots)
Stlth    ..........             (no amulet)
HPRegen  0.11/turn              (no ring)
MPRegen  0.09/turn              (no ring)

@: mighty
A: rot immunity
a: Renounce Religion


You were on level 2 of the Dungeon.
You worshipped Okawaru.
Okawaru was noncommittal.
You were not hungry.

You visited 1 branch of the dungeon, and saw 2 of its levels.

You collected 87 gold pieces.

Inventory:

Hand Weapons
 a - a +0 war axe (weapon)
Armour
 b - a +0 scale mail (worn)
 c - a +0 shield
Scrolls
 e - a scroll of remove curse {unknown}
 i - a scroll of immolation {unknown}
 j - a scroll of teleportation {unknown}
 k - a scroll of fear {unknown}
 m - a scroll of identify {unknown}
Potions
 d - a potion of might
 h - a potion of heal wounds {unknown}
 l - a potion of resistance {unknown}
 n - a potion of magic {unknown}
 o - a potion of brilliance {unknown}
Comestibles
 f - 3 rations
 g - 4 chunks of flesh {@w0}


   Skills:
 - Level 3.0 Fighting
 + Level 4.1 Axes
 - Level 2.6 Armour
 - Level 2.6 Shields


You had 3 spell levels left.
You didn't know any spells.
Your spell library was empty.

Dungeon Overview and Level Annotations

Branches:
Dungeon (2/15)

Altars:
Elyvilon
Gozag
Okawaru
Qazlal


Innate Abilities, Weirdness & Mutations

You are immune to rotting.


Message History

No target in view!
No target in view!
No target in view!
No target in view!
No target in view!
Things that are here:
a dagger; a goblin corpse
Found an opulent altar of Gozag.
There is an iron altar of Okawaru here.
You kneel at the altar of Okawaru.
Okawaru welcomes you!
Unknown command.
Press < or > to pray at altars.
You butcher the goblin corpse.
g - 5 chunks of flesh {@w0} (gained 1)
You see here a dagger. x2
A black bear comes into view.
The black bear growls angrily.
You hit the black bear.
The black bear is moderately wounded.
The black bear barely misses you.
The black bear claws you but does no damage. x2
You hit the black bear.
The black bear is moderately wounded.
The black bear bites you but does no damage.
The black bear claws you. x2
You barely miss the black bear.
The black bear is moderately wounded.
The black bear bites you.
The black bear claws you but does no damage. x2
The black bear bites you. The black bear closely misses you.
The black bear claws you but does no damage.
You are too injured to fight recklessly!
You hit the black bear.
The black bear is heavily wounded.
The black bear closely misses you.
The black bear claws you but does no damage.
The black bear barely misses you.
You closely miss the black bear.
The black bear is heavily wounded.
The black bear bites you. The black bear completely misses you.
The black bear claws you but does no damage.
You hit the black bear but do no damage.
The black bear is heavily wounded.
The black bear bites you. The black bear closely misses you.
The black bear claws you but does no damage.
The black bear bites you. The black bear barely misses you.
The black bear claws you but does no damage.
You hit the black bear.
The black bear is heavily wounded.
The black bear bites you but does no damage.
The black bear claws you. The black bear barely misses you.
You hit the black bear.
The black bear is severely wounded.
The black bear barely misses you. The black bear closely misses you.
The black bear claws you.
Your scale mail prevents you from hitting the black bear.
The black bear is severely wounded.
The black bear bites you but does no damage.
The black bear claws you. The black bear completely misses you.
You closely miss the black bear.
The black bear is severely wounded.
The black bear bites you. The black bear misses you. The black bear claws you.
* * * LOW HITPOINT WARNING * * *
The black bear closely misses you. The black bear claws you.
* * * LOW HITPOINT WARNING * * *
The black bear claws you but does no damage.
You closely miss the black bear.
The black bear is severely wounded.
The black bear bites you but does no damage.
The black bear claws you but does no damage. x2
You barely miss the black bear.
The black bear is severely wounded.
The black bear bites you but does no damage.
The black bear claws you.
* * * LOW HITPOINT WARNING * * *
The black bear barely misses you.
Okay, then.
Unknown command.
Unknown command.
Some of the chunks of flesh in your inventory have rotted away.
You feel very mighty all of a sudden. The black bear barely misses you.
The black bear claws you.
* * * LOW HITPOINT WARNING * * *
The black bear claws you but does no damage.
You hit the black bear.
The black bear is almost dead.
The black bear goes berserk!
You barely miss the black bear.
The black bear is almost dead.
The black bear bites you but does no damage.
The black bear claws you but does no damage.
The black bear claws you.
* * * LOW HITPOINT WARNING * * *
The black bear bites you.
* * * LOW HITPOINT WARNING * * *
The black bear claws you.
* * * LOW HITPOINT WARNING * * *
The black bear claws you.
You die...

##### ###..
###...#####...#
###...#..##...###
##...####....###
#..### ######
#.## #.# #h# #@#
#.#### #....# ###
####.#
####_#####_##.#
##8.#.#.#.#.8#.#
#.......)..._#.#
#.......)....#.#
#.8.#.#.#.#._#.##


You could see a black bear (berserk).

Vanquished Creatures
  A crimson imp (D:2)
  An ooze (D:1)
  A leopard gecko (D:2)
  4 bats
  4 giant cockroaches
  8 goblins
  6 hobgoblins (D:1)
  4 frilled lizards
  6 kobolds
  4 rats (D:1)
39 creatures vanquished.

Notes
Turn   | Place    | Note
-------+----------+-------------------------------------------
     0 | D:1      | Mgcat the Demonspawn Fighter began the quest for the Orb.
     0 | D:1      | Reached XP level 1. HP: 18/18 MP: 1/1
   189 | D:1      | Reached skill level 2 in Axes
   191 | D:1      | Gained mutation: You are immune to rotting. [demonic ancestry]
   191 | D:1      | Reached XP level 2. HP: 19/24 MP: 2/2
   589 | D:1      | Reached skill level 3 in Axes
   804 | D:1      | Reached XP level 3. HP: 28/29 MP: 3/3
  1031 | D:2      | Reached skill level 4 in Axes
  1031 | D:2      | Reached XP level 4. HP: 29/35 MP: 4/4
  1039 | D:2      | Found a stormy altar of Qazlal.
  1045 | D:2      | Found a white marble altar of Elyvilon.
  1045 | D:2      | Found an iron altar of Okawaru.
  1052 | D:2      | Found an opulent altar of Gozag.
  1055 | D:2      | Became a worshipper of Warmaster Okawaru
  1118 | D:2      | Noticed a black bear
  1130 | D:2      | HP: 6/35 [black bear (3)]
  1154 | D:2      | HP: 8/35 [black bear (1)]
  1156 | D:2      | HP: 3/35 [black bear (4)]
  1156 | D:2      | Slain by a black bear

Vault maps used:
D:1:      dpeg_arrival_pond
D:2:      minitemple, marbit_many_paths, lemuel_blue_sif_altar,
          chequers_ecumenical_altar_simple, minivault_11, kennysheep_cross_room,
          lexackson_kobold_supper

Skill      XL: |  1  2  3 |
---------------+----------+-----
Axes           | 2 3 4 |  4.1
Fighting       | |  3.0
Armour         | |  2.6
Shields        | |  2.6

Action                   |  1- 3 |  4- 6 || total
-------------------------+-------+-------++-------
Melee: War axe           |   124 |    16 ||   140
  Use: Potion            |       |     1 ||     1
  Eat: Chunk             |     1 |       ||     1
Armor: Scale mail        |    59 |    20 ||    79
Dodge: Dodged            |    63 |    16 ||    79
Block: Shield            |     9 |       ||     9

Table legend:
 A = Spawn XP
 B = Non-spawn XP
 C = Spawn XP percentage of total XP
 D = Spawn monster count
 E = Non-spawn monster count
 F = Spawn count percentage of total count
 G = Total turns spent on level
                    A         B        C        D         E        F      G
               +---------+---------+-------+---------+---------+-------+---------
         Total |       0 |     116 |   0.0 |       0 |      39 |   0.0 |  1156
               +---------+---------+-------+---------+---------+-------+---------
           D:1 |       0 |      53 |   0.0 |       0 |      30 |   0.0 |   902
           D:2 |       0 |      63 |   0.0 |       0 |       9 |   0.0 |   254
               +---------+---------+-------+---------+---------+-------+---------

Vault maps used:
D:1:      dpeg_arrival_pond
D:2:      minitemple, marbit_many_paths, lemuel_blue_sif_altar,
          chequers_ecumenical_altar_simple, minivault_11, kennysheep_cross_room,
          lexackson_kobold_supper

Table legend:
 A = Turns spent in this place as a percentage of turns spent in the entire game.
 B = Non-inter-level travel turns spent in this place as a percentage of non-inter-level travel turns spent in the entire game.
 C = Inter-level travel turns spent in this place as a percentage of turns spent in this place.
 D = Turns resting spent in this place as a percentage of non-inter-level travel turns spent in this place.
 E = Turns spent auto-exploring this place as a percentage of non-inter-level travel turns spent in this place.
 F = Non-inter-level travel turns spent in this place divided by the number of levels of this place that you've seen.
                   A       B       C       D       E      F
               +-------+-------+-------+-------+-------+----------------------
         Total | 100.0 | 100.0 |   1.0 |   0.0 |  76.0 | 572.0
       Dungeon | 100.0 | 100.0 |   1.0 |   0.0 |  76.0 | 572.0
               +-------+-------+-------+-------+-------+----------------------

Table legend:
 A = Kills in this place as a percentage of kills in entire the game.
 B = Kills by you in this place as a percentage of kills by you in the entire game.
 C = Kills by friends in this place as a percentage of kills by friends in the entire game.
 D = Other kills in this place as a percentage of other kills in the entire game.
 E = Experience gained in this place as a percentage of experience gained in the entire game.
 F = Experience gained in this place divided by the number of levels of this place that you have seen.
                   A       B       C       D       E      F
               +-------+-------+-------+-------+-------+----------------------
         Total | 100.0 | 100.0 |   N/A |   N/A | 100.0 |  58.0
       Dungeon | 100.0 | 100.0 |   N/A |   N/A | 100.0 |  58.0
               +-------+-------+-------+-------+-------+----------------------
